 Dungeon Crawl Stone Soup version 0.29-a0-551-gffc1d7fb78 (webtiles) character file.

Game seed: 14026686650259731597

62 shadowstone the Covered (level 4, 0/29 HPs)
             Began as a Gargoyle Fighter on June 5, 2022.
             Was an Initiate of Yredelemnul.
             Slain by an orc
             ... wielding a +0 short sword
              (2 damage)
             ... on level 3 of the Dungeon.
             The game lasted 00:07:09 (1650 turns).

shadowstone the Covered (Gargoyle Fighter)          Turns: 1650, Time: 00:07:11

Health: 0/29       AC: 11    Str: 22    XL:     4   Next: 8%
Magic:  4/4        EV:  9    Int:  8    God:    Yredelemnul [......]
Gold:   97         SH:  4    Dex:  9    Spells: 3/3 levels left

rFire   . . .      SeeInvis .   a - +0 trident
rCold   . . .      Faith    .   c - +0 buckler
rNeg    + . .      Spirit   .   b - +0 scale mail
rPois   ∞          Reflect  .   i - +1 hat
rElec   +          Harm     .   (no cloak)
rCorr   .          Rampage  .   (no gloves)
Will    .....                   (no boots)
Stlth   ..........              (no amulet)
HPRegen 0.09/turn               o - ring of flight
MPRegen 0.09/turn               (no ring)

@: flying
A: sickness immunity, AC +3, negative energy resistance 1, electricity
resistance, torment resistance 1, petrification resistance
a: Renounce Religion, Recall Undead Harvest


You were on level 3 of the Dungeon.
You worshipped Yredelemnul.
Yredelemnul was noncommittal.
You visited 1 branch of the dungeon, and saw 3 of its levels.

You collected 97 gold pieces.

Inventory:

Hand Weapons
 a - a +0 trident (weapon)
Missiles
 f - 6 poisoned darts (quivered)
Armour
 b - a +0 scale mail (worn)
 c - a +0 buckler (worn)
 i - a +1 hat (worn)
Jewellery
 o - a ring of flight (left hand)
Scrolls
 e - a scroll of identify {unknown}
 j - a scroll of teleportation {unknown}
 k - 2 scrolls of vulnerability {unknown}
 l - a scroll of magic mapping {unknown}
 n - a scroll of noise {unknown}
 p - a scroll of blinking {unknown}
Potions
 d - a potion of might
 g - a potion of invisibility {unknown}
 m - a potion of curing {unknown}


   Skills:
 + Level 3.7 Fighting
 + Level 2.6 Polearms
 + Level 3.8 Armour
 + Level 0.2 Dodging
 + Level 3.7 Shields


You had 3 spell levels left.
You didn't know any spells.
Your spell library was empty.

Dungeon Overview and Level Annotations

Branches:
Dungeon (3/15)

Altars:
Yredelemnul

Shops:
D:2 (


Innate Abilities, Weirdness & Mutations

You are immune to sickness and miasma.
Your stone body is resilient. (AC +3)
You are immune to poison.
You resist negative energy. (rN+)
You are resistant to electric shocks. (rElec)
You are resistant to unholy torment.
You are immune to petrification.


Message History

Something hits you but does no damage. The orc hits you but does no damage.
Things that are here:
a +0 club; a +0 leather armour You're too confused to move!
You feel less confused. Something hits you.
The orc hits you with a +0 falchion. The orc attacks as you move away!
The orc barely misses you. Something hits you but does no damage.
The orc hits you but does no damage.
An orc comes into view. It is wielding a +3 short sword.
The orc attacks as you move away! The orc hits you but does no damage.
The orc shouts!
The orc attacks as you move away! The orc hits you but does no damage.
Something hits you.
* * * LOW HITPOINT WARNING * * *
The orc attacks as you move away! The orc hits you but does no damage.
An orc wizard appears from thin air!
Reactivating autopickup.
You barely miss the orc wizard.
The orc wizard is lightly wounded.
The orc wizard misses you. The orc misses you.
The orc hits you with a +0 short sword.
* * * LOW HITPOINT WARNING * * *
You hit the orc wizard but do no damage.
The orc wizard is lightly wounded.
The orc closely misses you. The orc hits you with a +0 falchion.
* * * LOW HITPOINT WARNING * * *
The orc wizard hits you with a +0 dagger.
* * * LOW HITPOINT WARNING * * *
You closely miss the orc wizard.
The orc wizard is lightly wounded.
The orc hits you but does no damage. x2
The orc wizard hits you but does no damage.
The orc wizard completely misses you. The orc closely misses you. x2
You closely miss the orc wizard.
The orc wizard is lightly wounded.
The orc barely misses you.
The orc wizard hits you but does no damage.
The orc hits you with a +0 short sword.
You die...
Your body rises from the dead as a mindless zombie.

#. #.### #.##....... #.#.+ + #
#.##......# #.#.# #.##.
#.##... >.# #.#.#####....
#.##.. ...
#.......#.....###.##.##.##
##.####.#.....#...##...... #.#
#.#.###...o.....# #.#
#.#......@oo..).# ###.#
#.######.$o...).#######
#<..####.#####................
####.........#..........###.#.
#.####.##...###....#.# #.#
.##....##....#.# #.# .......
#....#.. #.#######....
#....#### #......# #/#
#....#..


You could see an orc wizard and 3 orcs.

Vanquished Creatures
  An adder (D:3)
  A worm (D:2)
  A dart slug (D:1)
  2 orcs (D:3)
  2 giant cockroaches (D:2)
  2 goblins
  5 hobgoblins
  7 jackals (D:1)
  2 kobolds (D:1)
  5 quokkas
  3 ball pythons (D:1)
  A bat (D:1)
  A frilled lizard (D:2)
  5 rats (D:1)
38 creatures vanquished.

Vanquished Creatures (collateral kills)
  A hobgoblin (D:2)
  A bat (D:1)
  A frilled lizard (D:1)
3 creatures vanquished.

Vanquished Creatures (others)
  2 fungi (D:1)
  5 plants (D:1)
7 creatures vanquished.

Grand Total: 48 creatures vanquished

Notes
Turn   | Place    | Note
-------+----------+-------------------------------------------
     0 | D:1      | shadowstone the Gargoyle Fighter began the quest for the
                  | Orb.
     0 | D:1      | Reached XP level 1. HP: 14/14 MP: 1/1
   119 | D:1      | Reached XP level 2. HP: 5/19 MP: 2/2
   569 | D:1      | Found a faded altar of an unknown god.
   594 | D:1      | Prayed at the altar of an unknown god.
   594 | D:1      | Became a worshipper of Yredelemnul the Dark
   594 | D:1      | Reached * piety under Yredelemnul
   693 | D:1      | Reached XP level 3. HP: 14/23 MP: 3/3
   776 | D:1      | Reached ** piety under Yredelemnul
   959 | D:2      | Found Omegomymp's Antique Weapon Shoppe.
  1587 | D:3      | Reached XP level 4. HP: 25/29 MP: 4/4
  1650 | D:3      | Slain by an orc

Illustrated notes

Levels and vault maps discovered:
D:1:      lightli_arrival_flooded_house, layout_loops_ring,
          shapermc_ecumenical_altar_ellora
D:2:      layout_loops_corners, serial_shops, shop
D:3:      layout_basic, tgw_fedhas, minmay_hedge_maze

Skill      XL: |  1  2 |
---------------+-------+-----
Polearms       | 2 |  2.6
Fighting       | |  3.7
Armour         | |  3.8
Dodging        | |  0.2
Shields        | |  3.7

Action                   |  1- 3 |  4- 6 || total
-------------------------+-------+-------++-------
Melee: Trident           |   166 |    14 ||   180
  Use: Potion            |       |     1 ||     1
Armor: Scale mail        |    78 |    37 ||   115
Dodge: Dodged            |    95 |    26 ||   121
Block: Buckler           |    36 |     2 ||    38

Table legend: (Time is in decaauts)
 A = Elapsed time spent in this place.
 B = Non-inter-level travel time spent in this place.
 C = Inter-level travel time spent in this place.
 D = Time resting spent in this place.
 E = Time spent auto-exploring this place.
 F = Levels seen in this place.
 G = Mean time per level.
                   A        B        C        D        E       F      G
               +--------+--------+--------+--------+--------+-----+--------+
         Total |   1694 |   1690 |      4 |    221 |      0 |   3 |  564.7 |
       Dungeon |   1694 |   1690 |      4 |    221 |      0 |   3 |  564.7 |
               +--------+--------+--------+--------+--------+-----+--------+

Top non-repeatable levels by time:
     D:1: 898 daAuts
     D:2: 661 daAuts
     D:3: 134 daAuts
